[Event "*** Titled Tuesday Blitz"]
[Site "Chess.com"]
[Date "2021.02.02"]
[Round "3"]
[White "ZenBull"]
[Black "Savagelittlemole"]
[Result "0-1"]
[WhiteElo "2228"]
[BlackElo "2452"]
[TimeControl "180+1"]
[EndTime "10:32:56 PST"]
[Termination "Savagelittlemole won by resignation"]

1. Nf3 Nf6 2. c4 g6 3. Nc3 Bg7 4. e4 O-O 5. d4 d6 6. h3 e5 7. d5 Na6 8. Bg5 Qe8 9. g4 Nc5 10. Nd2 a5 11. Be2 Nfd7 12. Rg1 Kh8 13. Qc2 Nb6 14.
Nb3 Nxb3 15. axb3 f5 16. f3 fxe4 17. Nxe4 a4 18. b4 Rf4 19. Bh4 Qf8 20. Qd3 Bf5 21. gxf5 Rxh4 22. fxg6 h6 23. Rg3 Qf4 24. Qd2 Qf5 25. Ra3 Rxh3 26. Rxh3 Qxh3 27. Qe3 Rf8 28.
Kd2 Qh2 29. Kd3 Qg2 30. Ra1 Qxg6 31. Rg1 Qf5 32. Kd2 Nd7 33. Rg3 Nf6 34. Bd3 Nxe4+ 35. Bxe4 Qf4 36. Rh3 Qxe3+ 37. Kxe3 Ra8 38. Bd3 a3 39.
bxa3 Rxa3 40. Ke4 Rb3 41. b5 Kg8 42. Rg3 Kf7 43. Rg4 Bf6 44. Rg2 Bg5 45. Rh2 Ra3 46. Rg2 Kf6 47. Rh2 Ra1 48. Be2 Rc1 49. Bd3 Re1+ 50. Be2 Rg1 51. Kd3 Rg3 52. Ke4 Rg1 53. Bd3 Kg6 54. Be2 Kg7 55. Bd3 Kf6 56. Be2 Rc1 57. Bd3 Re1+ 58. Be2 Kg6 59. Kd3 h5 60. Ke4 h4 61. Rh3 Rg1 62. Kd3 Kf5 63. Kc2 Rg2 64. Kd3 Kf4 65. Rh1 Kg3 66. Ke4 h3 67. Bf1 h2 68. Bxg2 Kxg2 69. Re1 h1=Q 70. Rxh1 Kxh1 71. Kf5 Be3 72. Ke6 Bb6 73. Kd7 Kg2 74.
Kc8 Kxf3 75. Kxb7 Ke4 76. Kc6 Kd4 77. c5 Bxc5 78. Kxc7 Kxd5 79. b6 Bxb6+ 80. Kxb6 e4 0-1

[Event "*** Titled Tuesday Blitz"]
[Site "Chess.com"]
[Date "2021.02.02"]
[Round "3"]
[White "manmanlai1"]
[Black "superchess02"]
[Result "0-1"]
[WhiteElo "2456"]
[BlackElo "2800"]
[TimeControl "180+1"]
[EndTime "10:32:57 PST"]
[Termination "superchess02 won on time"]

1. Nf3 b6 2. c4 Bb7 3. g3 g5 4. h3 Nf6 5. Bg2 h6 6. d3 e6 7. e4 c5 8. Nc3 d6 9. O-O a6 10. h4 g4 11. Nh2 Rg8 12. Be3 Nbd7 13. Qd2 Rh8 14. a3 Ne5 15. b4 Bg7 16. Rab1 Nfd7 17. Rfc1 Bc6 18. Ne2 a5 19. Nf4 h5 20. bxc5 bxc5 21. Kh1 Ng6 22. Ne2 Be5 23. Bg5 Qc7 24. f3 f5 25. Nf4 Bxf4 26. gxf4 Kf7 27. fxg4 hxg4 28. exf5 exf5 29. Bxc6 Qxc6+ 30. Qg2 Qxg2+ 31. Kxg2 Nxh4+ 32. Bxh4 Rxh4 33. Rb7 Rd8 34. Nf1 Kg6 35. Re1 Nf6 36. Ree7 Rh7 37. Rxh7 Nxh7 38. Ne3 Nf6 39.
Nd5 Nxd5 40. cxd5 Re8 41. Kf2 Rh8 42. Rb6 Rh2+ 43. Kg1 Rd2 44. Rxd6+ Kh5 45. Rf6 g3 46. Rxf5+ Kg4 47. Re5 Kf3 48. Re1 Rxd3 49. f5 Rxd5 50. f6 Rd8 51. f7 Rf8 52. Rf1+ Ke2 53. Kg2 c4 54. Rf5 c3 55. Kxg3 c2 56. Rc5 Kd2 57.
Rd5+ Kc3 58. Rc5+ Kb3 59. Rb5+ Kc4 60. Rb7 Kd3 61. Rd7+ Ke2 62. Re7+ Kd2 63. Rd7+ Kc3 64. Rc7+ Kb2 65. Rb7+ Kxa3 66. Rc7 Rxf7 67. Rxc2 a4 68.
Rc6 Kb3 69. Rb6+ Ka2 70. Rb4 a3 71. Kg2 Ka1 72. Kg3 a2 0-1

[Event "*** Titled Tuesday Blitz"]
[Site "Chess.com"]
[Date "2021.02.02"]
[Round "3"]
[White "AsadliVugar"]
[Black "AlexSuv"]
[Result "1/2-1/2"]
[WhiteElo "2843"]
[BlackElo "2470"]
[TimeControl "180+1"]
[EndTime "10:33:00 PST"]
[Termination "Game drawn by repetition"]

1. e4 c5 2. Nc3 e6 3. Nf3 Nc6 4. g3 d5 5. exd5 exd5 6. d4 Bg4 7. Bg2 cxd4 8. Ne2 Bc5 9. O-O Nf6 10. h3 Bxf3 11. Bxf3 h6 12. a3 a5 13. Nf4 O-O 14. Nd3 Bb6 15. Re1 Re8 16. Rxe8+ Qxe8 17. Bf4 Qd7 18.
Qf1 Ne4 19. Re1 Re8 20. Qg2 f5 21. h4 Bc7 22. Bh5 Rf8 23. Bg6 Ne7 24. Bh5 Bxf4 25.
Nxf4 Rc8 26. Bd1 Qd6 27. h5 b5 28. Nd3 Nc6 29. Qh3 Rf8 30. Qh4 b4 31. axb4 Nxb4 32.
Nf4 a4 33. Ng6 Re8 34. f3 Nf6 35. Rxe8+ Nxe8 36. Kg2 Qf6 37. Qxf6 Nxf6 38. Ne7+ Kf7 39. Nxf5 d3 40. c3 Nc2 41. g4 a3 42. bxa3 Nxa3 43.
Kf2 Nb5 44. Ke3 Nxc3 45. Bb3 Nb5 46. Kxd3 Nc7 47. Kd4 Ne6+ 48. Ke5 Ng5 49. Nd4 Nd7+ 50. Kxd5 Kf6 51. f4 Nh3 52. Ne2 Nf2 53. Ng3 Nxg4 54. Ke4 Nc5+ 55. Kf3 Nh2+ 56. Kg2 Nxb3 57. Kxh2 Nc5 58.
Kh3 Ne6 59. Kg4 Nd4 60. Ne4+ Kf7 61. f5 Nc6 62. Kf4 Nd8 63. Nd6+ Kf6 64. Ne4+ Kf7 65. Ke5 Nc6+ 66. Kd6 Nd4 67. Ke5 Nf3+ 68. Kf4 Nd4 69. Nd6+ Kf6 70. Ne4+ Kf7 71. Nf2 Kf6 72. Ng4+ Kf7 73.
Ke4 Nc6 74. Kd5 Ne7+ 75. Ke5 Nc6+ 76. Kf4 Ne7 77. Ne3 Ng8 78. Ng4 Nf6 79. Ne5+ Ke7 80. Ng6+ Ke8 81. Ke5 Nxh5 82. Ke6 Nf6 83. Ne5 h5 84.
Ng6 Ng4 85. Nh4 Nf6 86. Nf3 Kf8 87.
Nh4 Kg8 88. Ke5 Kh7 89. Kf4 Kh6 90. Nf3 Nd5+ 91. Kg3 Ne7 92. Kf4 Ng8 93. Ke5 Nf6 94.
Kf4 Ng8 95. Ne5 Nf6 96. Nf7+ Kh7 97. Ng5+ Kh6 98. Nf7+ Kh7 99. Ng5+ Kh6 100. Nf7+ 1/2-1/2

[Event "*** Titled Tuesday Blitz"]
[Site "Chess.com"]
[Date "2021.02.02"]
[Round "3"]
[White "ClauSanLuis"]
[Black "Sjakkerntobi"]
[Result "1/2-1/2"]
[WhiteElo "2119"]
[BlackElo "2318"]
[TimeControl "180+1"]
[EndTime "10:33:02 PST"]
[Termination "Game drawn - insufficient material"]

1. d4 e6 2. c4 Nf6 3. Nc3 c5 4. d5 exd5 5. cxd5 d6 6. e4 g6 7. Nge2 Bg7 8. Ng3 h5 9. h4 a6 10. Bg5 b5 11. Bd3 Qc7 12. Qf3 Nh7 13. Bf4 Nd7 14. O-O Ne5 15. Qe2 Qe7 16. Bc2 Qxh4 17. Bxe5 Bxe5 18. Qe3 Ng5 19. Rae1 Bd4 20. Qd3 Bg4 21.
Nge2 O-O 22. Nxd4 cxd4 23. Ne2 Bh3 24. Qg3 Qxg3 25. fxg3 Rac8 26. Bd3 Bg4 27. Nxd4 Bd7 28. e5 dxe5 29. Rxe5 f6 30. Re7 Rcd8 31. Bxg6 Be8 32. Bc2 Rf7 33. Nf5 Rxe7 34. Nxe7+ Kf7 35. Re1 Rd7 36. Bg6+ Kf8 37. Bxe8 Rxe7 38. Rxe7 Kxe7 39. Bc6 Kd6 40. Bb7 a5 41. Bc6 b4 42. Kf2 Ne4+ 43.
Kf3 Nd2+ 44. Kf4 Nc4 45. b3 Ne5 46. Ba8 Nd3+ 47. Kf5 Nc1 48. Kxf6 Ne2 49. Kg5 Nxg3 50.
Kh4 Nf5+ 51. Kxh5 Ne3 52. g4 Nd1 53. g5 Nc3 54. g6 Ke7 55. Kh6 Ne4 56. g7 Nf6 57.
Kg6 Ng8 58. d6+ Kxd6 59. Kf7 Nh6+ 60. Kf8 Kc5 61. Be4 Kd4 62. Bg6 Kc3 63. g8=Q Nxg8 64. Kxg8 Kb2 65. Bf7 Kxa2 66. Kg7 Ka3 67. Kf6 a4 68.
bxa4 Kxa4 69. Ke5 b3 70. Kd4 b2 71. Bg6 Kb3 72. Ke3 Kc3 73. Ke2 Kb3 74. Bb1 Kc3 75. Kd1 Kb3 76. Kd2 Ka3 77. Kc2 Kb4 78. Kxb2 1/2-1/2

[Event "*** Titled Tuesday Blitz"]
[Site "Chess.com"]
[Date "2021.02.02"]
[Round "3"]
[White "Volodar_Murzin"]
[Black "Reader777"]
[Result "1-0"]
[WhiteElo "2601"]
[BlackElo "2787"]
[TimeControl "180+1"]
[EndTime "10:33:06 PST"]
[Termination "Volodar_Murzin won by resignation"]

1. e4 c5 2. Nf3 d6 3. Bb5+ Bd7 4. Bxd7+ Qxd7 5. O-O Nc6 6. c3 Nf6 7. d4 Nxe4 8. d5 Ne5 9. Re1 Nxf3+ 10. Qxf3 Nf6 11. Na3 Qg4 12. Qd3 g6 13. Nc4 Rd8 14. Na5 Qd7 15.
Bg5 Bg7 16. Re2 O-O 17. Rae1 Rfe8 18. h3 Qc7 19. Nc4 b5 20. Nd2 c4 21. Qf3 Qb7 22. Ne4 Nxe4 23. Rxe4 Qxd5 24. Rxe7 Rxe7 25. Qxd5 Rxe1+ 26. Kh2 Re5 27. Qd2 Rd7 28. Be3 d5 29. Qd1 Re4 30.
Qf3 f5 31. g4 f4 32. Bc5 g5 33. Kg2 Bf8 34. Bd4 h6 35. h4 Bg7 36. Bc5 Rc7 37.
Bb4 Rc6 38. Qd1 d4 39. cxd4 Rxd4 40. Qe2 f3+ 41. Qxf3 Rf6 42. Qa8+ Kh7 43. f3 Rdf4 44. Bc3 Rf7 45. Bxg7 Kxg7 46. hxg5 hxg5 47. Qd5 Rxf3 48.
Qxg5+ Kf8 49. Qc5+ Kg8 50. Qxb5 Rf2+ 51. Kg3 R2f3+ 52.
Kh4 c3 53. Qb8+ Kh7 54. bxc3 Rxc3 55. Qe5 Rcc7 56. g5 Rce7 57. Qd5 Kg7 58. Kh5 Rd7 59.
Qe5+ Kf8 60. Qh8+ Ke7 61. g6 Rf5+ 62. Kh6 Rdd5 63. Qg7+ Ke6 64. Qg8+ Ke5 65. Qe8+ Kf4 66. g7 Rf6+ 67. Kh7 Rg5 68. g8=Q Rxg8 69. Kxg8 Rf5 70.
Qb8+ Ke4 71. Qxa7 Rd5 72. Qb7 Kd4 73. a4 Ra5 74. Qb4+ 1-0

[Event "*** Titled Tuesday Blitz"]
[Site "Chess.com"]
[Date "2021.02.02"]
[Round "3"]
[White "gilbert_gm"]
[Black "alexrustemov"]
[Result "1-0"]
[WhiteElo "2542"]
[BlackElo "2761"]
[TimeControl "180+1"]
[EndTime "10:33:06 PST"]
[Termination "gilbert_gm won by resignation"]

1. e4 e6 2. d4 d5 3. Nd2 c5 4.
Ngf3 Nf6 5. exd5 Nxd5 6. Bb5+ Bd7 7. Bxd7+ Nxd7 8. O-O cxd4 9. Nxd4 Be7 10. c4 N5f6 11.
b3 O-O 12. Bb2 Qb6 13. N2f3 Rfd8 14. Qe2 Nf8 15. Rad1 Bc5 16. Nb5 a6 17. Bxf6 gxf6 18. Nc3 Be7 19. Nd5 exd5 20. Qxe7 Ng6 21. Qe2 dxc4 22.
Qxc4 Qe6 23. Qb4 b5 24. g3 Qf5 25. Nd4 Qg4 26. Nc6 Qxb4 27. Nxb4 a5 28. Nc6 Rdc8 29. Rd6 Kg7 30. Nd4 b4 31. Nf5+ Kf8 32. Ne3 Ke7 33.
Rfd1 Ne5 34. Nf5+ Kf8 35. Ne3 Kg7 36. Kg2 Ra7 37. h4 h5 38. Nf5+ Kg6 39. Ne3 a4 40. Nd5 Rc6 41. Nxf6 axb3 42. axb3 Ra2 43. Rxc6 Nxc6 44.
Rd6 Ne5 45. Nd7+ Kf5 46. Rd5 f6 47. Nxe5 fxe5 48. Rb5 Rb2 49. Rxb4 Kf6 50. Rb6+ Kf5 51. Rb4 e4 52. Kf1 e3 53. fxe3 Ra2 54. Rf4+ Ke5 55. Rf2 Ra3 56. Rb2 Ke4 57. Kf2 Ra6 58. b4 Rf6+ 59.
Kg2 Rf3 60. b5 Rf7 61. b6 Rb7 62. Rb5 Kxe3 63. Rxh5 Rxb6 64. Rf5 Ke4 65. Rf4+ Ke5 66. Kh3 Rb1 67. h5 Rh1+ 68. Kg4 Rh2 69. Kg5 Ke6 70.
Rf6+ Ke7 71. Rf5 Ke6 72. g4 Ke7 73. h6 Rh1 74. Kg6 Rh2 75. Rf7+ Ke6 76. g5 Rh1 77. h7 Rh2 78. Rf8 Ke7 79. h8=Q 1-0

[Event "*** Titled Tuesday Blitz"]
[Site "Chess.com"]
[Date "2021.02.02"]
[Round "3"]
[White "sara_khm"]
[Black "Make_it_shine060"]
[Result "1-0"]
[WhiteElo "2482"]
[BlackElo "2160"]
[TimeControl "180+1"]
[EndTime "10:33:12 PST"]
[Termination "sara_khm won by resignation"]

1. d4 Nf6 2. Nf3 g6 3. g3 Bg7 4. c4 O-O 5. Bg2 d5 6. cxd5 Nxd5 7. O-O Bg4 8. h3 Bf5 9. Nh4 Bxb1 10. Rxb1 e6 11. e4 Nb6 12. Be3 Nc6 13. d5 exd5 14. exd5 Nb4 15. Bc5 N4xd5 16. Bxf8 Bxf8 17. Qb3 Bg7 18. Rbd1 c6 19. Nf3 Qf6 20. Rd2 Re8 21. Rfd1 a5 22. a4 Nb4 23. Nd4 N6d5 24. Bxd5 cxd5 25.
Nb5 Qc6 26. Qf3 Qb6 27. Kg2 Qc5 28. Re2 Rf8 29. Nc3 Rd8 30. Red2 d4 31. Ne2 Nc6 32. Nf4 Qb4 33. b3 Ne5 34. Qe4 Nc6 35. Rd3 Qc5 36. Ne2 Nb4 37. Rf3 Nc6 38. Rc1 Qb6 39. Rd3 Rf8 40.
Rxc6 bxc6 41. Nxd4 Rd8 42. Nf3 Rb8 43. Nd2 Qc7 44.
Nc4 c5 45. Qd5 Rf8 46. Qd7 Qb8 47. Nxa5 Qa8+ 48. Nc6 Rc8 49. Rd6 Bf8 50. Rf6 Bg7 51. Qxf7+ Kh8 52. Re6 Rxc6 53. Qe8+ Qxe8 54. Rxe8+ Bf8 55.
Rxf8+ Kg7 56. Rb8 c4 57. bxc4 Rxc4 58. a5 Ra4 59. Ra8 Kh6 60. a6 Kg7 61. f4 h6 62.
a7 Kh7 63. g4 Ra3 64. f5 gxf5 65. gxf5 Kg7 66. f6+ Kf7 67. Rh8 Ra2+ 68. Kg3 Ra3+ 69. Kh4 Ra4+ 70. Kh5 Ra5+ 71. Kxh6 Kxf6 72. a8=Q Rxa8 73.
Rxa8 1-0

[Event "*** Titled Tuesday Blitz"]
[Site "Chess.com"]
[Date "2021.02.02"]
[Round "3"]
[White "Aslanov_Umid"]
[Black "Marcin"]
[Result "1/2-1/2"]
[WhiteElo "2315"]
[BlackElo "2509"]
[TimeControl "180+1"]
[EndTime "10:33:18 PST"]
[Termination "Game drawn by repetition"]

1. e4 c6 2. d4 d5 3. Nd2 dxe4 4.
Nxe4 Bf5 5. Ng3 Bg6 6. Nf3 Nd7 7.
h4 h6 8. h5 Bh7 9. Bd3 Bxd3 10. Qxd3 e6 11. Bf4 Qa5+ 12. Bd2 Bb4 13. c3 Bd6 14.
Ne4 Qc7 15. O-O-O Ngf6 16. g4 Nxe4 17. Qxe4 O-O-O 18. g5 hxg5 19. Nxg5 Nf6 20. Qf3 Rdf8 21. h6 Rxh6 22. Rxh6 gxh6 23. Qxf6 hxg5 24. Bxg5 Rg8 25. f4 b5 26. Kb1 Rg6 27. Qh8+ Kb7 28. Qh4 Qc8 29.
Qh7 Qg8 30. Qxg8 Rxg8 31. Re1 Kc7 32. Kc2 Rh8 33. Kd3 Kd7 34. Re2 Rh1 35. a3 a5 36.
Rf2 Rh3+ 37. Kd2 b4 38. axb4 axb4 39. Bf6 Bf8 40. Be5 Be7 41. f5 f6 42. fxe6+ Kxe6 43. Bf4 Kd5 44. Re2 Bd6 45. Bxd6 Kxd6 46. cxb4 Rb3 47.
Kc2 Rxb4 48. Kc3 Rb5 49. Rf2 f5 50. b3 Ke6 51. Re2+ Kf6 52. Kc4 f4 53. Rf2 Rf5 54. Kd3 Rb5 55. Rxf4+ Ke6 56. Kc4 Kd6 57. Rh4 Rg5 58. Rh6+ Kc7 59. b4 Kb6 60. Rh8 Rf5 61. Rb8+ Kc7 62. Re8 Rh5 63. Re5 Rh1 64. Re3 Rh5 65.
Rf3 Rg5 66. Rf7+ Kb6 67. Rf8 Rh5 68. Rb8+ Kc7 69. Ra8 Kb6 70. Rb8+ Kc7 71. Re8 Kb6 72.
Re3 Kc7 73. Re5 Rh1 74. Re3 Rh5 1/2-1/2

[Event "*** Titled Tuesday Blitz"]
[Site "Chess.com"]
[Date "2021.02.02"]
[Round "3"]
[White "Sam_ChessMood"]
[Black "Yashasd1995"]
[Result "0-1"]
[WhiteElo "2830"]
[BlackElo "2632"]
[TimeControl "180+1"]
[EndTime "10:33:20 PST"]
[Termination "Yashasd1995 won by resignation"]

1. c4 Nf6 2. Nc3 e5 3. Nf3 Nc6 4. Qc2 Bb4 5. Nd5 Bc5 6. e3 a5 7. a3 d6 8. b3 Be6 9. Nc3 h6 10. Bb2 Qd7 11. Be2 O-O 12. O-O Bf5 13. d3 Rfe8 14. Nd2 Bb6 15. Nde4 Nh7 16. Nd5 Ba7 17.
Kh1 Bg6 18. Nec3 Ne7 19. Nxe7+ Rxe7 20. Qd2 c6 21. b4 Bb6 22. Ne4 f5 23. Nxd6 Qxd6 24.
c5 Bxc5 25. bxc5 Qxc5 26. d4 Qd6 27. Rfd1 Rd7 28. Qc3 e4 29. d5 cxd5 30. Rxd5 Qc7 31. Rxd7 Qxd7 32. Rd1 Qe7 33. h3 Nf6 34. Qe5 Qxe5 35.
Bxe5 Bf7 36. Rb1 Bd5 37. Rb6 Bc6 38. Bxf6 gxf6 39. Bb5 Rc8 40. Kh2 Kf7 41. Bxc6 bxc6 42. Kg3 c5 43. Kf4 c4 44. Kxf5 c3 45. Rb1 Rc4 46.
Rc1 c2 47. g4 a4 48. h4 Kg7 49. h5 Kf7 50. Kf4 Ke6 51. f3 exf3+ 52. Kxf3 Ke5 53.
Kf2 Ke4 54. Ke2 Rc3 55. Kd2 Rxa3 56. Rxc2 Rd3+ 57. Kc1 Rxe3 58. Rc6 Ke5 59. Rc7 Kf4 60. Rf7 Kxg4 61. Rxf6 Kxh5 62. Ra6 a3 63. Kd2 Rg3 64. Ke2 Kg5 65. Kf2 Rb3 66. Ra5+ Kf4 67. Ke2 Rb2+ 68. Kd3 a2 69. Kc3 Rf2 70. Kb3 h5 71. Ra8 Kg3 72. Rg8+ Kh2 73. Ra8 h4 0-1

[Event "*** Titled Tuesday Blitz"]
[Site "Chess.com"]
[Date "2021.02.02"]
[Round "3"]
[White "Chuchofrio1"]
[Black "sokidze"]
[Result "0-1"]
[WhiteElo "2256"]
[BlackElo "2505"]
[TimeControl "180+1"]
[EndTime "10:33:29 PST"]
[Termination "sokidze won by checkmate"]

1. e4 c5 2. Nc3 Nc6 3. Bb5 g6 4. Bxc6 dxc6 5. f4 Bg7 6. Nf3 Bg4 7. O-O c4 8. h3 Bxf3 9. Qxf3 Nf6 10. f5 O-O 11. d3 cxd3 12. cxd3 Nd7 13. Bf4 Qb6+ 14. Kh1 Qxb2 15. d4 Bxd4 16. Rac1 Bg7 17. h4 h5 18.
Rf2 Qa3 19. Qg3 Kh7 20. Rcc2 Nf6 21. e5 Ng4 22. Rfe2 Rad8 23. f6 exf6 24. exf6 Bxf6 25.
Re1 Rfe8 26. Rec1 Rd4 27. Bg5 Bxg5 28. hxg5 Qd6 29. Qxd6 Rxd6 30. Rf1 Kg7 31. Re2 Rxe2 32. Nxe2 Rd5 33. Nc3 Rxg5 34. Ne4 Re5 35. Nd6 Re7 36. Nc8 Re2 37. Nd6 f5 38. Nxb7 Rxa2 39. Nc5 Rc2 40.
Ne6+ Kf6 41. Nd4 Rc4 42. Nb3 Rb4 43. Nc5 Rb5 44. Nd7+ Kg5 45. Ra1 a5 46. Nf8 a4 47.
Ne6+ Kf6 48. Nf8 Rb4 49. Kg1 a3 50. Kf1 Ne3+ 51. Ke2 Nxg2 52. Rxa3 Nf4+ 53. Kf3 Ne6 54. Nd7+ Ke7 55. Ne5 Rf4+ 56. Kg3 Kf6 57. Nxc6 Rg4+ 58.
Kh3 Nf4+ 59. Kh2 h4 60. Nd4 h3 61. Rf3 g5 62. Kh1 Kg6 63. Rf1 Rg2 64. Nf3 Ra2 65.
Rb1 g4 66. Ne1 g3 67. Nf3 g2+ 68. Kg1 Ne2+ 69. Kh2 Nf4 70. Kg1 Kh5 71. Kh2 Kg4 72. Ng1 Rf2 73. Rb4 Rf1 74. Ra4 Kg5 75. Rxf4 Rxf4 76.
Nxh3+ Kg4 77. Nxf4 Kxf4 78. Kxg2 Ke3 79. Kf1 Kf3 80.
Kg1 Ke2 81. Kh2 f4 82. Kg2 f3+ 83. Kh3 f2 84. Kg4 f1=Q 85. Kh5 Ke3 86. Kg6 Qf4 87. Kh7 Qg3 88. Kh6 Kf4 89. Kh5 Qg5# 0-1

[Event "*** Titled Tuesday Blitz"]
[Site "Chess.com"]
[Date "2021.02.02"]
[Round "3"]
[White "FairChess_on_YouTube"]
[Black "kenta1234"]
[Result "1-0"]
[WhiteElo "2921"]
[BlackElo "2671"]
[TimeControl "180+1"]
[EndTime "10:33:43 PST"]
[Termination "FairChess_on_YouTube won by resignation"]

1. d4 Nf6 2. Bg5 c5 3. d5 Qb6 4.
Nc3 d6 5. e4 g6 6. Bb5+ Bd7 7. a4 a6 8. a5 Qc7 9. Be2 Bg7 10. Nf3 Bg4 11. Nd2 Bxe2 12. Qxe2 O-O 13. Nc4 Nbd7 14. O-O h6 15. Bh4 Rfe8 16. f4 e6 17. Qd3 b5 18. axb6 Nxb6 19. Bxf6 Bxf6 20. e5 Nxc4 21. exf6 Nxb2 22. Qh3 Qd8 23. Ne4 h5 24. dxe6 Rxe6 25. Ng5 Rxf6 26. Qc3 Rb8 27. Rab1 d5 28. Rxb2 d4 29. Rxb8 Qxb8 30. Qxc5 Rxf4 31. Nf3 Rf5 32. Qxd4 Qc7 33. Re1 Qc8 34. c4 Rc5 35. Re4 a5 36. Qe3 Kg7 37. Re8 Qd7 38. Qc3+ f6 39. Qe1 Kf7 40.
Rh8 Kg7 41. Ra8 Rxc4 42. Rxa5 Rc7 43. h3 Qe7 44. Qxe7+ Rxe7 45. Kf2 g5 46. Nd4 Kg6 47. Kf3 Rc7 48. Ra3 Rd7 49. Ra4 Rc7 50. Ra3 Rd7 51.
Ne2 Rc7 52. g4 hxg4+ 53. hxg4 Rc4 54. Ra6 Rb4 55. Rd6 Rc4 56. Nd4 Rc3+ 57. Kf2 Ra3 58.
Nf5 Ra2+ 59. Kf3 Ra3+ 60. Ne3 Rb3 61. Rd7 Ra3 62. Rb7 Rc3 63. Ke4 Ra3 64. Rd7 Ra4+ 65. Rd4 Ra3 66. Nf5 Ra1 67. Rd8 Ra4+ 68. Kf3 Ra3+ 69.
Ke2 Kf7 70. Rd7+ Ke6 71. Re7+ Kd5 72. Re3 Ra2+ 73. Kf3 Ra4 74. Ng7 Rf4+ 75. Kg3 Ra4 76.
Nh5 Ra6 77. Rf3 Ke5 78. Rf5+ Ke4 79. Nxf6+ Kd4 80. Nh5 Ra3+ 81. Rf3 Ra1 82. Ng7 Rg1+ 83. Kh3 Ke4 84. Rf2 Rh1+ 85. Kg3 Rg1+ 86. Rg2 Ra1 87. Nh5 Ra3+ 88. Kh2 Rb3 89. Rg3 Rb2+ 90. Rg2 Rb1 91. Rf2 Rb3 92. Ng3+ Ke3 93. Kg2 Ra3 94. Rf3+ 1-0

[Event "*** Titled Tuesday Blitz"]
[Site "Chess.com"]
[Date "2021.02.02"]
[Round "3"]
[White "FlySooHigh"]
[Black "SaraciNderim"]
[Result "0-1"]
[WhiteElo "2603"]
[BlackElo "2823"]
[TimeControl "180+1"]
[EndTime "10:33:54 PST"]
[Termination "SaraciNderim won by resignation"]

1. e4 e5 2. Nf3 Nc6 3. Bc4 Bc5 4. c3 Nf6 5. d3 d6 6. Bb3 a6 7. O-O h6 8. Nbd2 O-O 9. h3 Re8 10. Re1 Be6 11. Bc2 Ba7 12. Nh2 d5 13. Qf3 dxe4 14.
dxe4 Ne7 15. Ndf1 Ng6 16. Ne3 Nh7 17. Nf5 Ng5 18. Qg4 Qf6 19. h4 Nh7 20. h5 Nf4 21. Bxf4 exf4 22. Qxf4 Rad8 23. Ng4 Qg5 24. Qxg5 Nxg5 25.
Rad1 Kf8 26. a3 Rxd1 27. Rxd1 Bc8 28. Nge3 Bxe3 29. fxe3 Bxf5 30. exf5 Rxe3 31. Kf2 Re8 32.
Rd4 Ke7 33. g4 c5 34. Rd5 Rc8 35. a4 f6 36. a5 Nf7 37. Ba4 Ne5 38. Kg3 Rc7 39.
Kf4 c4 40. Kg3 Rc8 41. Bc2 Rb8 42. Be4 b6 43. axb6 Rxb6 44. Rd2 a5 45. Kf4 a4 46. Bf3 Rb3 47. Be4 a3 48. bxa3 Rxa3 49. Rc2 Ra1 50. Rb2 Rf1+ 51. Ke3 Nxg4+ 52. Kd4 Rd1+ 53. Kxc4 Ne5+ 54. Kc5 Nd7+ 55. Kc4 Kd6 56. Rb7 Ne5+ 57. Kb3 Rg1 58. Ra7 Kc5 59. Rc7+ Kb6 60. Rb7+ Kc5 61. Rc7+ Kd6 62. Ra7 Rg4 63. Ba8 Rg1 64. Ra6+ Kc7 65. Bd5 Rg5 66. c4 Rxf5 67. Ra7+ Kd6 68. Rxg7 Rxh5 69.
Kb4 Nd3+ 70. Kb5 Nf4 71. Rf7 Nxd5 72. cxd5 Rxd5+ 73. Kb4 Ke5 74. Kc4 Rd8 75. Rh7 f5 76. Rxh6 Ke4 77. Rh1 f4 78. Re1+ Kf3 79. Rf1+ Ke3 80.
Re1+ Kf2 81. Re6 f3 82. Kc3 Kf1 83. Rf6 f2 84. Kc2 Rd5 85. Kc3 Kg2 86. Rg6+ Kf3 87.
Rf6+ Kg3 88. Kc2 Rd4 89. Rg6+ Rg4 90. Rf6 Rf4 91. Rxf4 Kxf4 0-1

[Event "*** Titled Tuesday Blitz"]
[Site "Chess.com"]
[Date "2021.02.02"]
[Round "3"]
[White "sorrm8thatscheckm8"]
[Black "MrrRefrao"]
[Result "0-1"]
[WhiteElo "2562"]
[BlackElo "2401"]
[TimeControl "180+1"]
[EndTime "10:34:08 PST"]
[Termination "MrrRefrao won by checkmate"]

1. d4 Nf6 2. c4 g6 3. Nc3 d5 4. cxd5 Nxd5 5. e4 Nxc3 6. bxc3 Bg7 7. Bc4 c5 8. Ne2 O-O 9. Be3 Nc6 10. O-O Bg4 11. f3 Bd7 12. Qd2 Rc8 13. Rac1 cxd4 14. cxd4 Qa5 15. Qxa5 Nxa5 16. Bd3 b6 17. Bg5 e6 18.
Be7 Rxc1 19. Rxc1 Rc8 20. Rxc8+ Bxc8 21. Bb4 Nc6 22. Bc3 f5 23. Kf2 Kf7 24. Bc4 Ne7 25.
Ke3 Bd7 26. g4 fxg4 27. fxg4 Nc8 28. Bd3 Nd6 29. h4 Bb5 30. Bxb5 Nxb5 31. Bb2 Nd6 32.
g5 Nc4+ 33. Kd3 Nxb2+ 34. Kc2 Nc4 35. Kd3 Nd6 36. Nc3 h6 37. gxh6 Bxh6 38. a4 Ke7 39. Ne2 Nf7 40. e5 Nd8 41. Ng3 Nc6 42. h5 gxh5 43. Nxh5 Nb4+ 44. Kc4 Nd5 45. Ng3 a6 46. Ne4 Kd7 47. Nd6 Kc6 48. Ne4 Bf8 49. Nf2 Be7 50. Nd3 b5+ 51. axb5+ axb5+ 52. Kb3 Bf8 53. Nb2 Nb6 54. Nd1 Kd5 55. Nc3+ Kxd4 56. Nxb5+ Kxe5 57. Kc3 Nd5+ 58. Kd3 Bc5 59. Kc4 Bf2 60. Na3 Nf4 61. Nc2 Ke4 62. Kc3 e5 63. Na3 Kf3 64. Nc4 e4 65.
Nd2+ Ke3 66. Nxe4 Kxe4 67. Kc4 Bd4 68. Kb3 Kd5 69. Kb4 Ne6 70. Kb5 Bc3 71. Kb6 Nd4 72. Kc7 Ke6 73. Kb6 Bb4 74. Kc7 Ke7 75. Kb6 Kd7 76.
Kb7 Bc5 77. Kb8 Kc6 78. Kc8 Bb6 79. Kb8 Nb5 80. Kc8 Na7+ 81. Kb8 Bc5 82. Ka8 Kb6 83.
Kb8 Bd6+ 84. Ka8 Bc5 85. Kb8 Nb5 86. Ka8 Nc7+ 87. Kb8 Kc6 88. Kc8 Ba7 89. Kd8 Nd5 90. Kc8 Ne7+ 91. Kd8 Kd6 92. Ke8 Ke6 93. Kd8 Bb6+ 94.
Ke8 Bc7 95. Kf8 Nf5 96. Ke8 Ng7+ 97. Kf8 Kf6 98. Kg8 Bd6 99. Kh7 Kf7 100. Kh6 Bf4+ 101. Kh7 Ne6 102. Kh8 Be3 103. Kh7 Nf8+ 104. Kh8 Bd4# 0-1

[Event "*** Titled Tuesday Blitz"]
[Site "Chess.com"]
[Date "2021.02.02"]
[Round "3"]
[White "Arvids_Andrejevs"]
[Black "DamianoLew95"]
[Result "0-1"]
[WhiteElo "2386"]
[BlackElo "2578"]
[TimeControl "180+1"]
[EndTime "10:34:22 PST"]
[Termination "DamianoLew95 won by checkmate"]

1. e4 c5 2. c3 d5 3. exd5 Qxd5 4. d4 Nc6 5. Nf3 Nf6 6. Be3 cxd4 7. cxd4 Bg4 8. Be2 e6 9. Nc3 Qa5 10. h3 Bh5 11.
O-O Be7 12. a3 O-O 13. Qb3 Qc7 14. Rfd1 Na5 15. Qa4 a6 16. Rac1 Qd8 17. b4 Nc6 18.
Qb3 Nd5 19. Ne4 a5 20. b5 Nb8 21.
a4 Nd7 22. Ng3 Bg6 23. Ne5 Nxe5 24. dxe5 Qb8 25. Bd4 Rd8 26. Bf3 Rd7 27. Ne4 Qd8 28. Nc5 Bxc5 29. Bxc5 h6 30. Bd6 Rc8 31. Rxc8 Qxc8 32. Bxd5 exd5 33. Qxd5 Bf5 34. Qd2 Qc4 35. Qxa5 Be4 36. Qa8+ Kh7 37. Qe8 Bf5 38. Rf1 Qe2 39.
Qc8 Be6 40. Qc3 Qe4 41. Rc1 Bf5 42. g4 Bg6 43. Re1 Qf4 44. Qe3 Qxa4 45. e6 fxe6 46. Qxe6 Qxb5 47. Be5 Qc6 48. Qxc6 bxc6 49. f4 Bd3 50. f5 Bc4 51. Bc3 Bd5 52. Kf2 Rb7 53.
Re5 Rb3 54. Bd4 Rd3 55. Ba1 Rf3+ 56. Ke2 Kg8 57. Re7 Bf7 58. Rc7 Rxh3 59. Rc8+ Kh7 60. Rc7 Rh2+ 61. Kf3 Bd5+ 62. Kf4 Rf2+ 63. Kg3 Rf3+ 64.
Kh4 Kg8 65. Rxg7+ Kf8 66. Rg6 Kf7 67. Rxh6 Rf1 68. Kg5 Rg1 69. Rh7+ Kg8 70. Rg7+ Kf8 71.
Rc7 Rxa1 72. Rc8+ Kf7 73. Rc7+ Ke8 74. Rc8+ Kd7 75. Rh8 Rg1 76. f6 Be6 77. Rh4 Ke8 78. Kf4 Kf7 79. g5 Rf1+ 80. Ke5 Re1+ 81. Kd4 Kg6 82.
Rf4 Bf7 83. Rg4 Kf5 84. Rg3 Kg6 85. Kc5 Rc1+ 86. Kd6 c5 87. Ke7 c4 88. Rh3 Re1+ 89.
Kd7 Kxg5 90. Rg3+ Kxf6 91. Rf3+ Kg7 92. Kc6 Bg6 93. Kc5 Bd3 94. Kd4 Kg6 95. Kc3 Kg5 96. Rg3+ Kf4 97. Rg8 Rc1+ 98. Kb2 Rc2+ 99. Ka1 Rh2 100.
Rf8+ Ke3 101. Re8+ Be4 102. Rc8 Rh1+ 103. Ka2 Bd3 104. Kb2 Kd2 105. Rc7 c3+ 106. Rxc3 Rb1+ 107. Ka3 Kxc3 108. Ka2 Rb6 109. Ka3 Ra6# 0-1

[Event "*** Titled Tuesday Blitz"]
[Site "Chess.com"]
[Date "2021.02.02"]
[Round "4"]
[White "kikydu96"]
[Black "XDPS"]
[Result "1-0"]
[WhiteElo "2577"]
[BlackElo "2702"]
[TimeControl "180+1"]
[EndTime "10:36:30 PST"]
[Termination "kikydu96 won by checkmate"]

1. e4 e5 2. Nf3 Nc6 3. d4 exd4 4. Nxd4 Bc5 5. Be3 Qf6 6. Nb5 Bxe3 7. fxe3 Qh4+ 8. g3 Qxe4 9. Nxc7+ Kd8 10. Nxa8 Qxh1 11.
Qd6 Nf6 12. Nd2 Qd5 13. Qc7+ Ke7 14. O-O-O Qxa2 15. Nb3 Rd8 16. Qd6+ Ke8 17. Nc7# 1-0

[Event "*** Titled Tuesday Blitz"]
[Site "Chess.com"]
[Date "2021.02.02"]
[Round "4"]
[White "Jadeit90"]
[Black "FlySooHigh"]
[Result "0-1"]
[WhiteElo "2411"]
[BlackElo "2607"]
[TimeControl "180+1"]
[EndTime "10:36:31 PST"]
[Termination "FlySooHigh won by resignation"]

1. g3 Nf6 2. Bg2 g6 3. c4 c6 4. Nf3 d5 5. cxd5 cxd5 6. O-O Bg7 7. d3 O-O 8. Nc3 Nc6 9. e4 dxe4 10. dxe4 Qxd1 11. Rxd1 Bg4 12. h3 Bxf3 13. Bxf3 Rfd8 14. Be3 e5 15. Nd5 Nxd5 16. exd5 Nd4 17. Bxd4 exd4 18. Rac1 Rac8 19. Kf1 Kf8 20. Ke2 Ke7 21. Kd2 Bh6+ 0-1

[Event "*** Titled Tuesday Blitz"]
[Site "Chess.com"]
[Date "2021.02.02"]
[Round "4"]
[White "MFBerna"]
[Black "BAS8892"]
[Result "0-1"]
[WhiteElo "2504"]
[BlackElo "2733"]
[TimeControl "180+1"]
[EndTime "10:37:00 PST"]
[Termination "BAS8892 won by resignation"]

1. d4 d5 2. c4 c6 3. Nc3 Nf6 4. cxd5 cxd5 5. Bf4 Nc6 6. e3 Bg4 7. Qb3 Na5 8. Qa4+ Bd7 9. Bb5 Nc6 10. Nf3 a6 11. Be2 b5 12. Qd1 e6 13. O-O Be7 14. Ne5 O-O 15. Rc1 Na5 16. Nxf7 Rxf7 17. b3 Rc8 18. Bd3 0-1